Map: Moonlight Madness LE (Void)

Players

Javert - Winner!

  • Race: Zerg Zerg
  • League: Platinum

Achilles

  • Race: Protoss Protoss
  • League: Silver

VOD

Have the link to the VOD?

Description

Time

  • Played on: Aug. 13, 2015, 7:50 p.m.
  • Length: 2:09
Show
View Real Time Build Order
Export as new Build Order

Javert Zerg - Winner!

Build Orders: Hatch First 

Get SALT Encoding   

  12  0:01  Drone  
  13  0:13  Overlord  
  13  0:19  Drone  
  14  0:33  Drone x2  
  16  0:37  Drone  
  17  0:59  Hatchery, Drone  
  17  1:02  Extractor  
  16  1:07  Drone  
  17  1:12  Drone  
  18  1:23  Spawning Pool  
  17  1:27  Drone  
  17  1:30  Drone  
  19  1:44  Drone  
  19  1:51  Drone  
Show
View Real Time Build Order
Export as new Build Order

Achilles Protoss 

Build Orders: 1 Gate Expand 

Get SALT Encoding   

  12  0:01  Probe  
  13  0:14  Pylon  
  13  0:18  Probe  
  14  0:32  Probe (Chrono Boost)  
  15  0:36  Gateway  
  15  0:44  Probe (Chrono Boost)  
  15  0:45  Assimilator  
  16  0:52  Probe (Chrono Boost)  
  17  1:01  Probe (Chrono Boost)  
  19  1:12  Probe (Chrono Boost)  
  19  1:18  Probe (Chrono Boost)  
  20  1:35  Cybernetics Core  
  20  1:42  Nexus  
  20  1:55  Probe (Chrono Boost)  
  20  1:57  Assimilator  
  20  2:00  Pylon  
Tags
 
Add a new tag
Caveats
  • Supply blocks, unpowered buildings, or Contaminate may cause inaccurate times.
  • Supply counts are checked every 10 seconds.